[Event "Titled Tuesday Blitz November 22 Late 2022"]
[White "Koutlas, Nikolaos"]
[Black "Kovacevic, Radmila"]
[WhiteFideId "25827138"]
[BlackFideId "933171"]
[WhiteElo "2167"]
[BlackElo "2208"]
[Result "1-0"]
[Round "05"]
[TimeControl "180+1"]
[Date "2022.11.23"]
[WhiteClock "0:00:21"]
[BlackClock "0:00:01"]

1. Nf3 c5 2. g3 Nc6 3. Bg2 Nf6 4. O-O e5 5. d3 h6 6. Nc3 d5 7. e4 dxe4 8. Nxe4 Nxe4 9. dxe4 Qxd1 10. Rxd1 Bg4 11. c3 Rd8 12. Rxd8+ Kxd8 13. Be3 Kc7 14. Nd2 Be7 15. Bf1 Be6 16. Bc4 Bxc4 17. Nxc4 Rd8 18. Kf1 b5 19. Nd2 a6 20. Ke2 Rb8 21. h4 Bd6 22. Nf1 b4 23. Bc1 Na5 24. Ne3 Kc6 25. Bd2 bxc3 26. Bxc3 Nb7 27. Rd1 Rd8 28. Bxe5 Bxe5 29. Rc1 Bxb2 30. Rc2 Bd4 31. Nf5 Kb6 32. Ne7 Re8 33. Nd5+ Ka7 34. Kd3 Nd6 35. f3 f5 36. Re2 fxe4+ 37. fxe4 Be5 38. g4 c4+ 39. Ke3 Bf6 40. Kf4 Bxh4 41. e5 Bg5+ 42. Kf3 Nf7 43. e6 Nd8 44. Rc2 Nxe6 45. Rxc4 Rf8+ 46. Ke4 Rf1 47. Ke5 Re1+ 48. Kd6 Kb7 49. Rb4+ Ka7 50. Kc6 Nd8+ 51. Kd7 Rd1 52. Kd6 Nb7+ 53. Kc7 Na5 54. Kd6 Bd8 55. Ke6 Nc6 56. Rc4 Nd4+ 57. Kd7 1-0


[Site "https://www.chess.com"]

[Event "Titled Tuesday Blitz November 22 Late 2022"]
[White "Kravtsiv, Martyn"]
[Black "Bluebaum, Matthias"]
[WhiteFideId "14113147"]
[BlackFideId "24651516"]
[WhiteElo "2694"]
[BlackElo "2633"]
[Result "0-1"]
[Round "05"]
[TimeControl "180+1"]
[Date "2022.11.22"]
[WhiteClock "0:00:04"]
[BlackClock "0:00:36"]

1. e4 e6 2. d4 d5 3. e5 c5 4. c3 Nc6 5. Nf3 Nge7 6. a3 Bd7 7. b4 cxd4 8. cxd4 b5 9. Nc3 a5 10. Nxb5 Ng6 11. bxa5 Nxa5 12. Bg5 Qb6 13. Rb1 Qc6 14. Qa4 h6 15. Bd2 Be7 16. Nd6+ Qxd6 17. exd6 Bxa4 18. dxe7 Kxe7 19. Bb4+ Kf6 20. g4 Bc2 21. Rb2 Be4 22. Be2 Nf4 23. Rg1 Nxe2 24. Kxe2 Nc4 25. Rb3 g5 26. Ne5 Rhc8 27. f3 Bh7 28. Nd7+ Kg7 29. Nc5 Ra7 30. Ra1 Rca8 31. a4 Bc2 32. Rc3 Bxa4 33. Kf2 Bb5 34. Rxa7 Rxa7 35. Rc2 Ra1 36. Bc3 Rb1 37. Kg3 Ne3 38. Ra2 Rg1+ 39. Kh3 Bf1+ 0-1


[Site "https://www.chess.com"]

[Event "Titled Tuesday Blitz November 22 Late 2022"]
[White "Lashkin, Jegor"]
[Black "Garcia Ramos, Daniel"]
[WhiteFideId "13907808"]
[BlackFideId "32010311"]
[WhiteElo "2368"]
[BlackElo "2357"]
[Result "1-0"]
[Round "05"]
[TimeControl "180+1"]
[Date "2022.11.23"]
[WhiteClock "0:00:17"]
[BlackClock "0:00:02"]

1. Nf3 d5 2. g3 b6 3. Bg2 Bb7 4. d4 e6 5. O-O Nd7 6. b3 Ngf6 7. Bb2 Be7 8. Nbd2 O-O 9. c4 c5 10. cxd5 Bxd5 11. Rc1 Rc8 12. Re1 cxd4 13. Nxd4 Bxg2 14. Kxg2 Nc5 15. Nc4 Qd5+ 16. Nf3 Rfd8 17. Qxd5 Nxd5 18. Nfd2 b5 19. Ne5 Ne3+ 20. fxe3 Rxd2 21. Bd4 Rc7 22. b4 Na6 23. Rxc7 Nxc7 24. Rc1 Bd6 25. Rc6 Bxe5 26. Bxe5 Ne8 27. Kf2 f6 28. Bd4 Rxa2 29. Rxe6 Kf7 30. Rc6 a5 31. bxa5 Rxa5 32. Rb6 h5 33. Kf3 Kg6 34. Bc3 Ra3 35. Bb4 Rb3 36. Bc5 Nc7 37. Ke4 Rb2 38. Rc6 Ne8 39. Kd3 Kf5 40. Bd4 Rb3+ 41. Kc2 Ra3 42. Rc5+ Kg4 43. Rxb5 Nd6 44. Rb4 Kh3 45. Bc5 Nf5 46. Rf4 Nxe3+ 47. Kd2 Ra2+ 48. Kxe3 Kxh2 49. Kf3 Ra1 50. Rh4# 1-0


[Site "https://www.chess.com"]

[Event "Titled Tuesday Blitz November 22 Late 2022"]
[White "Lewtak, Damian"]
[Black "Garcia Pantoja, Roberto"]
[WhiteFideId "1141724"]
[BlackFideId "3509265"]
[WhiteElo "2329"]
[BlackElo "2524"]
[Result "1-0"]
[Round "05"]
[TimeControl "180+1"]
[Date "2022.11.23"]
[WhiteClock "0:00:44"]
[BlackClock "0:00:06"]

1. e4 c5 2. Nf3 d6 3. Bb5+ Bd7 4. Bxd7+ Qxd7 5. O-O Nc6 6. Qe2 e6 7. c3 d5 8. d3 Nf6 9. Nbd2 Be7 10. e5 Ng8 11. Re1 h5 12. Nf1 h4 13. h3 Nh6 14. N1h2 Nf5 15. Ng4 O-O 16. Bg5 b5 17. Qd2 Rfb8 18. Qf4 b4 19. Bf6 bxc3 20. Qg5 cxb2 21. Nh6+ Kf8 22. Nxf5 exf5 23. Qxg7+ Ke8 24. Qg8+ Bf8 25. e6 fxe6 26. Rxe6+ Ne7 27. Rb1 Rb6 28. Rxe7+ Qxe7 29. Bxe7 Kxe7 30. Qxd5 Rab8 31. Ne5 Kf6 32. Nd7+ Kg5 33. Nxb8 Rxb8 34. Qe5 Rb7 35. f4+ Kg6 36. Qe6+ Kg7 37. Rxb2 Re7 38. Qxf5 Re1+ 39. Kf2 Re7 40. Re2 Rb7 41. Qe5+ Kh7 42. Qe4+ 1-0


[Site "https://www.chess.com"]

[Event "Titled Tuesday Blitz November 22 Late 2022"]
[White "Liu, Kelsey"]
[Black "Roque Sola, Jose Luis"]
[WhiteFideId "30944481"]
[BlackFideId "5120390"]
[WhiteElo "2313"]
[BlackElo "2117"]
[Result "0-1"]
[Round "05"]
[TimeControl "180+1"]
[Date "2022.11.23"]
[WhiteClock "0:00:05"]
[BlackClock "0:00:11"]

1. e4 e6 2. d4 d5 3. Nc3 Nf6 4. Bg5 dxe4 5. Nxe4 Be7 6. Bxf6 gxf6 7. Nf3 b6 8. Bd3 Bb7 9. c3 c6 10. Qe2 Qc7 11. O-O-O Nd7 12. Kb1 O-O-O 13. Ba6 Kb8 14. Nfd2 f5 15. Ng3 h5 16. Bxb7 Kxb7 17. Nxf5 Bg5 18. Ng3 h4 19. Nge4 Be7 20. Nf3 Rdg8 21. Rhg1 Rg6 22. g3 hxg3 23. hxg3 Rgh6 24. Neg5 Bxg5 25. Nxg5 Nf6 26. Qf3 Qe7 27. Rh1 Rxh1 28. Rxh1 Rxh1+ 29. Qxh1 Ng4 30. Nh3 Qf6 31. Qg2 Qf5+ 32. Ka1 Qd3 33. a3 Qd1+ 34. Ka2 a5 35. f3 Ne3 36. Qf2 Nc4 37. b3 Nd2 38. Qg1 Qxb3+ 39. Ka1 Qxa3# 0-1


[Site "https://www.chess.com"]

[Event "Titled Tuesday Blitz November 22 Late 2022"]
[White "Lopez Gracia, Fernando"]
[Black "Riff, Vincent"]
[WhiteFideId "2207184"]
[BlackFideId "617776"]
[WhiteElo "2465"]
[BlackElo "2369"]
[Result "0-1"]
[Round "05"]
[TimeControl "180+1"]
[Date "2022.11.23"]
[WhiteClock "0:00:07"]
[BlackClock "0:00:17"]

1. c4 e5 2. Nc3 Nf6 3. Nf3 Nc6 4. e4 Bb4 5. d3 d6 6. Be2 O-O 7. O-O Bg4 8. Ne1 Bxe2 9. Nxe2 Nd7 10. Nc2 Bc5 11. Ne3 Nd4 12. Kh1 Re8 13. Nxd4 Bxd4 14. Qg4 Nf6 15. Qg3 Nh5 16. Qf3 Nf4 17. Nf5 Ne6 18. Be3 Qf6 19. Nh6+ Kf8 20. Qxf6 gxf6 21. Nf5 Bb6 22. b4 Bd4 23. Bxd4 exd4 24. f4 a5 25. a3 axb4 26. axb4 Ng7 27. Ng3 f5 28. exf5 f6 29. h3 Kf7 30. Kh2 Rxa1 31. Rxa1 Re3 32. Ra7 Rxd3 33. Rxb7 Re3 34. Rxc7+ Kf8 35. b5 d3 36. Nf1 Re1 37. Nd2 Rd1 38. b6 Rxd2 39. b7 Rb2 40. Rc8+ Kf7 41. b8=Q Rxb8 42. Rxb8 Nxf5 43. Rb2 Ne3 44. Kg1 Nxc4 45. Rb1 Ke6 46. Kf2 Kf5 47. Rd1 Ke4 48. g3 Kd4 49. Ra1 Nb2 50. Ke1 Ke3 51. Kf1 d2 52. Ra3+ Ke4 0-1


[Site "https://www.chess.com"]

[Event "Titled Tuesday Blitz November 22 Late 2022"]
[White "Lopez Mulet, Inigo"]
[Black "Aghasiyev, Kamal"]
[WhiteFideId "22235620"]
[BlackFideId "13402854"]
[WhiteElo "2289"]
[BlackElo "2341"]
[Result "1-0"]
[Round "05"]
[TimeControl "180+1"]
[Date "2022.11.23"]
[WhiteClock "0:00:20"]
[BlackClock "0:00:01"]

1. Nf3 d5 2. b3 Nf6 3. Bb2 e6 4. e3 Be7 5. d4 O-O 6. Bd3 b6 7. O-O Ba6 8. Nbd2 Bxd3 9. cxd3 c5 10. Rc1 Nbd7 11. Qe2 Rc8 12. Ne5 Nxe5 13. dxe5 Nd7 14. f4 b5 15. f5 exf5 16. Rxf5 Qa5 17. a3 Qb6 18. Rcf1 a5 19. Qf3 Qe6 20. Qg3 c4 21. bxc4 dxc4 22. dxc4 bxc4 23. Ne4 Kh8 24. Bd4 Rb8 25. Nf6 Rb1 26. Nh5 Rxf1+ 27. Rxf1 Qg6 28. e6 Qxg3 29. hxg3 Nf6 30. Nxf6 Bxf6 31. Bxf6 gxf6 32. Rxf6 Kg7 33. e7 Re8 34. Rc6 Rxe7 35. Kf2 Re4 36. Rc5 Re6 37. Rxc4 Rb6 38. Kf3 Rb5 39. g4 Kg6 40. Kf4 f6 41. Rd4 Rc5 42. Ke4 Re5+ 43. Kd3 Rb5 44. Kc4 Rb2 45. g3 Rg2 46. Kb5 Rxg3 47. Re4 Rg2 48. Kxa5 f5 49. gxf5+ Kxf5 50. Rh4 Rg3 51. e4+ Ke5 52. a4 Rg7 53. Kb6 Rg6+ 54. Kb7 Rg7+ 55. Kc6 Rg6+ 56. Kb5 Rg7 57. a5 Rb7+ 58. Kc6 Rg7 59. a6 Rg6+ 60. Kb5 Rg7 61. Kb6 Rg6+ 62. Ka5 Rg7 63. Rh6 Rf7 64. Kb6 Kxe4 65. a7 Rf8 66. Rxh7 1-0


[Site "https://www.chess.com"]

[Event "Titled Tuesday Blitz November 22 Late 2022"]
[White "Maatman, Nick"]
[Black "Klenburg, Michael"]
[WhiteFideId "1040391"]
[BlackFideId "14102072"]
[WhiteElo "2604"]
[BlackElo "2405"]
[Result "1-0"]
[Round "05"]
[TimeControl "180+1"]
[Date "2022.11.23"]
[WhiteClock "0:00:10"]
[BlackClock "0:00:02"]

1. d4 d6 2. e4 Nf6 3. Nc3 g6 4. Nf3 Bg7 5. Be3 O-O 6. Qd2 a6 7. Bh6 b5 8. Bxg7 Kxg7 9. a3 Nc6 10. h4 h5 11. Ng5 e5 12. d5 Nd4 13. f3 Bd7 14. Ne2 Nxe2 15. Bxe2 Qe7 16. O-O-O a5 17. g4 Rfb8 18. f4 Bxg4 19. f5 b4 20. a4 b3 21. c3 Bxe2 22. Qxe2 Qd7 23. fxg6 Qxa4 24. Qf3 Qa1+ 25. Kd2 Qxb2+ 26. Ke1 fxg6 27. Ne6+ Kh7 28. Qxf6 Qxc3+ 29. Ke2 Rg8 30. Rhf1 Qc2+ 31. Ke3 b2 32. Qe7+ Kh6 33. Rf7 Qc1+ 34. Kf2 Qc2+ 35. Kg3 Qc3+ 36. Rf3 Qxf3+ 37. Kxf3 a4 38. Rg1 a3 39. Ng5 Rg7 40. Nf7+ Kh7 41. Qf6 a2 42. Ng5+ Kh6 43. Ne6 1-0


[Site "https://www.chess.com"]

[Event "Titled Tuesday Blitz November 22 Late 2022"]
[White "Manelyuk, Daniil"]
[Black "Krzywda, Andrzej"]
[WhiteFideId "44173920"]
[BlackFideId "1114565"]
[WhiteElo "2209"]
[BlackElo "2149"]
[Result "1-0"]
[Round "05"]
[TimeControl "180+1"]
[Date "2022.11.23"]
[WhiteClock "0:00:06"]
[BlackClock "0:00:11"]

1. e4 c5 2. Nf3 d6 3. d4 cxd4 4. Nxd4 Nf6 5. Nc3 g6 6. f3 Nc6 7. Be3 h5 8. Qd2 Nxd4 9. Bxd4 Bh6 10. Bb5+ Kf8 11. Qe2 e5 12. Bf2 Be6 13. O-O Qc7 14. Rfd1 Kg7 15. a4 a6 16. Bd3 Bf4 17. g3 Bg5 18. h4 Bh6 19. a5 Rac8 20. Bb6 Qc6 21. Kh2 Rhe8 22. Bf2 Kh7 23. Na4 d5 24. Nc3 dxe4 25. Nxe4 Nxe4 26. Bxe4 Qc7 27. Bb6 Qe7 28. Bd3 Bd5 29. Bxg6+ fxg6 30. Rxd5 Qf7 31. Rad1 Kg8 32. Qe4 Qf5 33. c3 Rf8 34. Rd7 Qxe4 35. fxe4 Rf7 36. Rxf7 Kxf7 37. Rd7+ Ke6 38. Rxb7 Bc1 39. Bf2 Rc6 40. Rb6 Kd7 41. Rb7+ Kd6 42. Rb4 Ke6 43. Rb6 Kd6 44. b3 Kc7 45. Rb4 Bd2 46. Rb6 Bxc3 47. Rxc6+ Kxc6 48. Bb6 Kb5 49. Bc7 Kc6 50. Bd8 Kb5 51. Bc7 Kc6 52. Bb8 Kb5 53. Kg2 Kxa5 54. Bd6 Kb5 55. Kf3 a5 56. Ke2 a4 57. bxa4+ Kxa4 58. Kd3 Bd4 59. Kc4 Ka5 60. Kd5 Bf2 61. Bxe5 Kb6 62. Ke6 Kc6 63. Kf7 Kd7 64. Kxg6 Ke6 65. Bf4 Bd4 66. Kxh5 Kf6 67. Kg4 Kg6 68. e5 Kf7 69. h5 Ke6 70. Kg5 Kf7 71. Kf5 Kg7 72. g4 Bf2 73. g5 Bh4 74. h6+ Kh7 75. Kf6 Kg8 76. e6 Kf8 77. e7+ Ke8 78. h7 Bxg5+ 79. Bxg5 Kd7 80. h8=Q Kd6 81. e8=Q Kc7 82. Qe6 Kb7 83. Qg7+ Ka8 84. Qeg8# 1-0


[Site "https://www.chess.com"]

[Event "Titled Tuesday Blitz November 22 Late 2022"]
[White "Marcolino, Daniel Mattos"]
[Black "Sariego Figueredo, Wilfredo"]
[WhiteFideId "2106841"]
[BlackFideId "3500080"]
[WhiteElo "2078"]
[BlackElo "2309"]
[Result "1/2-1/2"]
[Round "05"]
[TimeControl "180+1"]
[Date "2022.11.23"]
[WhiteClock "0:00:12"]
[BlackClock "0:00:13"]

1. d4 d5 2. Nf3 Nf6 3. g3 c6 4. Bg2 Bf5 5. c4 e6 6. Nc3 Be7 7. Qb3 Qc7 8. Bf4 Qc8 9. Nh4 Bg6 10. Nxg6 hxg6 11. cxd5 exd5 12. O-O Nbd7 13. Rfc1 Nb6 14. a4 O-O 15. a5 Nc4 16. e4 Qd7 17. exd5 cxd5 18. Nxd5 Nxd5 19. Rxc4 Nxf4 20. gxf4 Bd6 21. Qxb7 Qxb7 22. Bxb7 Rab8 23. a6 Bxf4 24. d5 Be5 25. Rb1 Rfd8 26. b4 Kf8 27. b5 Rd6 28. Rbc1 Rb6 29. Rc8+ Ke7 30. Rxb8 Bxb8 31. Bc6 Bd6 32. Re1+ Kf6 33. Re8 Rb8 34. Re3 Bc5 35. Re2 g5 36. h3 g6 37. Kg2 Rh8 38. Rd2 Rd8 39. Re2 Rh8 40. Re8 Rxe8 41. Bxe8 Ke7 42. Bc6 f5 43. Kg3 Bd4 44. f4 gxf4+ 45. Kxf4 Kf6 46. h4 Bb6 47. d6 Bc5 48. d7 Bb6 49. Bb7 Ke7 50. Kg5 Kf7 51. Bd5+ Kg7 52. Bc6 Bd8+ 53. Kf4 Kf6 54. Bb7 Ke6 55. Bc6 Kd6 56. h5 gxh5 57. Kxf5 h4 58. Kg4 Ke7 59. Kh3 Kd6 60. Kg4 Ke5 61. Kh3 Kf4 62. Bd5 Kg5 63. Bc6 Kf5 64. Bd5 Kf6 65. Bc6 Ke5 66. Kg4 Kd6 67. Kh3 Ke5 68. Kg4 1/2-1/2


[Site "https://www.chess.com"]

[Event "Titled Tuesday Blitz November 22 Late 2022"]
[White "Melikyan, Gnel"]
[Black "Gadimbayli, Abdulla"]
[WhiteFideId "54109990"]
[BlackFideId "13404938"]
[WhiteElo "2138"]
[BlackElo "2399"]
[Result "0-1"]
[Round "05"]
[TimeControl "180+1"]
[Date "2022.11.23"]
[WhiteClock "0:00:06"]
[BlackClock "0:00:26"]

1. e4 e5 2. Nf3 d5 3. exd5 e4 4. Qe2 Nf6 5. Nc3 Be7 6. Nxe4 O-O 7. d3 Nxd5 8. Qd1 Re8 9. Be2 f5 10. Nc3 Nxc3 11. bxc3 Bf6 12. d4 Qe7 13. Be3 Kh8 14. g3 Nc6 15. O-O f4 16. gxf4 Bh3 17. Ne5 Bxf1 18. Qxf1 Rf8 19. Qh3 Nxe5 20. dxe5 Bh4 21. Bd3 Rad8 22. f5 Bg5 23. f4 Bh6 24. f6 Qf7 25. Kh1 gxf6 26. e6 Qe8 27. Qxh6 Rxd3 28. cxd3 Qc6+ 29. Kg1 Rg8+ 30. Kf2 Rg2+ 31. Ke1 Qxe6 32. f5 Qxf5 33. Rd1 Qf3 34. Rd2 Rg6 35. Qf8+ Rg8 36. Qe7 Qh1+ 37. Ke2 Qxh2+ 38. Bf2 Qh5+ 39. Ke1 Re8 40. Re2 Rxe7 41. Rxe7 Qh1+ 42. Ke2 Qh5+ 43. Ke1 c5 44. Rxb7 Qh1+ 0-1


[Site "https://www.chess.com"]

[Event "Titled Tuesday Blitz November 22 Late 2022"]
[White "Melkumyan, Hrant"]
[Black "Popilski, Gil"]
[WhiteFideId "13302485"]
[BlackFideId "2809060"]
[WhiteElo "2604"]
[BlackElo "2537"]
[Result "1-0"]
[Round "05"]
[TimeControl "180+1"]
[Date "2022.11.22"]
[WhiteClock "0:00:14"]
[BlackClock "0:00:14"]

1. d4 Nf6 2. c4 e6 3. Bf4 d5 4. e3 c5 5. dxc5 Bxc5 6. Nc3 O-O 7. Nf3 Nc6 8. a3 Re8 9. Be2 h6 10. b4 Bf8 11. cxd5 Nxd5 12. Nxd5 exd5 13. O-O a5 14. b5 Na7 15. Qb3 Bg4 16. Rfd1 Qf6 17. Qxd5 Nc8 18. Qxb7 Nd6 19. Qd5 Ne4 20. Be5 Qf5 21. Bb2 Qh7 22. Ng5 hxg5 23. Bxg4 Qh4 24. Qf5 Nxf2 25. Qxf2 Qxg4 26. a4 Bc5 27. Bd4 Rad8 28. h3 Bxd4 29. hxg4 Bxe3 30. Rxd8 Bxf2+ 31. Kxf2 Rxd8 32. Ke3 g6 33. Rb1 f5 34. b6 Kf7 35. b7 Rb8 36. Kd4 Ke6 37. Kc5 Kd7 38. Rb6 Kc7 39. Rxg6 fxg4 40. Rg7+ 1-0


[Site "https://www.chess.com"]

[Event "Titled Tuesday Blitz November 22 Late 2022"]
[White "Mendonca, Mateus Nakajo"]
[Black "Milikow, Yoav"]
[WhiteFideId "2110954"]
[BlackFideId "2822237"]
[WhiteElo "2310"]
[BlackElo "2341"]
[Result "0-1"]
[Round "05"]
[TimeControl "180+1"]
[Date "2022.11.23"]
[WhiteClock "0:00:03"]
[BlackClock "0:00:07"]

1. Nf3 Nf6 2. g3 d5 3. d4 Bf5 4. c4 e6 5. Bg2 c6 6. O-O Nbd7 7. Nbd2 h6 8. b3 Be7 9. Bb2 O-O 10. Ne5 Bh7 11. Nxd7 Qxd7 12. c5 Qc7 13. b4 Rfe8 14. a4 Bf8 15. Qb3 a5 16. b5 e5 17. e3 exd4 18. Bxd4 Nd7 19. Rfc1 Ne5 20. Bf1 Qd7 21. Bxe5 Rxe5 22. Bd3 Be4 23. Rab1 Qh3 24. Bf1 Qe6 25. Nxe4 Rxe4 26. bxc6 bxc6 27. Bd3 Rb4 28. Qc2 Rab8 29. Rxb4 Rxb4 30. Rb1 Rxb1+ 31. Qxb1 Bxc5 32. Qb8+ Bf8 33. Qd8 c5 34. Qxa5 c4 35. Bc2 Qe5 36. Qd2 g6 37. a5 Qb2 38. Kg2 c3 39. Qd3 Qa3 40. a6 Qa5 41. Bb3 Kg7 42. Bxd5 c2 43. Qxc2 Qxd5+ 44. e4 Qa8 45. Qc4 Be7 46. f3 Bf6 47. Qb5 Qa7 48. Qc6 Bd4 49. f4 Bg1 50. Kh3 h5 51. Qc3+ Bd4 52. Qa3 Qd7+ 53. Kg2 Ba7 54. Qa4 Qxa4 0-1


[Site "https://www.chess.com"]

[Event "Titled Tuesday Blitz November 22 Late 2022"]
[White "Milchev, Nikolay"]
[Black "Oganian, Miran"]
[WhiteFideId "2906090"]
[BlackFideId "4122488"]
[WhiteElo "2449"]
[BlackElo "2323"]
[Result "0-1"]
[Round "05"]
[TimeControl "180+1"]
[Date "2022.11.23"]
[WhiteClock "0:01:17"]
[BlackClock "0:00:37"]

1. Nf3 d5 2. c4 e6 3. g3 Nf6 4. Bg2 d4 5. O-O c5 6. b4 Nc6 7. b5 Nb8 8. e3 Be7 9. Bb2 dxe3 10. dxe3 O-O 11. Nbd2 Nbd7 12. Nb3 Qc7 13. a4 b6 14. Ne5 Bb7 15. Nc6 Bxc6 16. Bxc6 Rad8 17. Qc2 Ne5 18. Bg2 Nd3 19. Bc3 Nb4 20. Qb2 Rd3 21. Rfd1 Rfd8 22. Rxd3 Rxd3 23. Bf1 Rd7 24. a5 h6 25. axb6 axb6 26. Ra8+ Kh7 27. Be5 Qb7 28. Qb1+ Qe4 29. Qxe4+ Nxe4 30. Rb8 Rd1 31. Kg2 Rb1 32. Rxb6 Rxb3 33. Rb7 Bf6 34. Bxf6 Nxf6 35. Rxf7 Nd3 36. Rc7 Ne4 37. Bxd3 Rxd3 38. f3 Ng5 39. Rxc5 Rd2+ 40. Kf1 Nxf3 41. b6 Nxh2+ 42. Ke1 Nf3+ 43. Kf1 Rd8 44. b7 Rb8 45. Rb5 Nd2+ 46. Ke2 Nxc4 47. Kd3 Nd6 48. Rb6 Nxb7 49. Ke2 Kg8 50. Rxe6 Nc5 51. Rc6 Ne4 52. Kf3 Ng5+ 53. Kf4 Rb4+ 54. Kf5 Kh7 55. e4 Nxe4 0-1


[Site "https://www.chess.com"]

[Event "Titled Tuesday Blitz November 22 Late 2022"]
[White "Milosevic, Milos"]
[Black "Tarnowska, Aleksandra"]
[WhiteFideId "964875"]
[BlackFideId "1180967"]
[WhiteElo "2321"]
[BlackElo "1776"]
[Result "0-1"]
[Round "05"]
[TimeControl "180+1"]
[Date "2022.11.23"]
[WhiteClock "0:00:20"]
[BlackClock "0:02:55"]

1. e4 c5 2. Nf3 e6 3. d4 cxd4 4. Nxd4 a6 5. Nc3 Qc7 6. Be3 b5 7. Bd3 Bb7 8. a3 Nf6 9. O-O Be7 10. f4 d6 11. Kh1 Nc6 0-1


[Site "https://www.chess.com"]

[Event "Titled Tuesday Blitz November 22 Late 2022"]
[White "Mladek, Richard"]
[Black "Baskakov, Egor"]
[WhiteFideId "386588"]
[BlackFideId "24197866"]
[WhiteElo "2271"]
[BlackElo "2211"]
[Result "0-1"]
[Round "05"]
[TimeControl "180+1"]
[Date "2022.11.22"]
[WhiteClock "0:00:05"]
[BlackClock "0:01:13"]

1. d4 Nf6 2. c4 e6 3. Nc3 d5 4. cxd5 Nxd5 5. e4 Nxc3 6. bxc3 b6 7. Bb5+ c6 8. Bd3 Bb7 9. Nf3 Nd7 10. O-O Be7 11. a4 c5 12. Rb1 O-O 13. a5 cxd4 14. a6 Bc6 15. cxd4 Nf6 16. Qe2 Rc8 17. Bf4 Nh5 18. Bd2 Nf6 19. Qe3 Re8 20. h4 h6 21. Ne5 Ba4 22. Qg3 Qxd4 23. Be3 Qd6 24. Ra1 b5 25. Bxa7 Qxa6 26. Be3 Qd6 27. Bb1 Nh5 28. Qh2 Rc3 29. Ba2 Bf6 30. Nxf7 Qxh2+ 31. Kxh2 Kxf7 32. Rab1 Be5+ 33. g3 Nf6 34. Kg2 Nxe4 35. Bb6 Nd2 36. Ba5 Nxb1 37. Bxb1 Rc6 38. Be4 Rc4 39. Bd3 Rec8 40. Bxc4 bxc4 41. f4 Bf6 42. g4 c3 43. g5 Bd4 44. Kf3 c2 45. Bd2 Bb2 46. Bc1 Bxc1 47. Rxc1 Rb8 48. Ke3 Rb1 49. Kd2 Rxc1 0-1


[Site "https://www.chess.com"]

[Event "Titled Tuesday Blitz November 22 Late 2022"]
[White "Musovic, Armin"]
[Black "Rizzo, Tobias"]
[WhiteFideId "939935"]
[BlackFideId "30942691"]
[WhiteElo "2288"]
[BlackElo "2325"]
[Result "1-0"]
[Round "05"]
[TimeControl "180+1"]
[Date "2022.11.23"]
[WhiteClock "0:00:54"]
[BlackClock "0:00:05"]

1. e4 c5 2. c3 d5 3. exd5 Qxd5 4. Na3 Nc6 5. h3 e5 6. Nf3 a6 7. Bc4 Qd6 8. d4 cxd4 9. cxd4 Nxd4 10. O-O Be7 11. Nxd4 Qxd4 12. Qb3 Nf6 13. Be3 Qe4 14. Bxf7+ Kf8 15. Rfe1 Qf5 16. Rac1 b5 17. Bd5 Rb8 18. Ba7 Bb7 19. Bxb8 Bxd5 20. Qg3 Ne4 21. Qg4 Qxf2+ 22. Kh2 Nf6 23. Rf1 Nxg4+ 24. hxg4 Bh4 25. Rxf2+ Bxf2 26. Rf1 Ke7 27. Bxe5 Bc5 28. Bxg7 Rg8 29. Bf6+ Ke6 30. g5 Bxa3 31. bxa3 Bxa2 32. Re1+ Kd6 33. Re7 Bb1 34. Ra7 Kc5 35. Rxa6 Kc4 36. Kh3 Kb3 37. Kh4 Re8 38. Ra7 Bg6 39. Be7 Rc8 40. Bb4 Rc4+ 41. Kg3 Rc3+ 42. Bxc3 Kxc3 43. Kf4 Kb3 44. Ke5 Kc3 45. Kd5 Kb3 46. Kc5 Bd3 47. g3 Be2 48. Kd4 Bc4 49. a4 Ka3 50. axb5+ 1-0


[Site "https://www.chess.com"]

[Event "Titled Tuesday Blitz November 22 Late 2022"]
[White "Nasuta, Grzegorz"]
[Black "Dylag, Emilia"]
[WhiteFideId "1141686"]
[BlackFideId "21805172"]
[WhiteElo "2440"]
[BlackElo "1878"]
[Result "0-1"]
[Round "05"]
[TimeControl "180+1"]
[Date "2022.11.23"]
[WhiteClock "0:00:02"]
[BlackClock "0:00:22"]

1. e4 e5 2. Nf3 Nc6 3. d4 exd4 4. Nxd4 Nf6 5. Nc3 Bb4 6. Nxc6 bxc6 7. Bd3 d5 8. exd5 O-O 9. O-O cxd5 10. h3 Rb8 11. Qf3 c6 12. Ne2 Bd6 13. b3 Re8 14. Bf4 Be5 15. Rad1 Qc7 16. c4 Bb7 17. Bxe5 Qxe5 18. Qf4 Ba6 19. Qxe5 Rxe5 20. Nd4 Rc8 21. c5 Bxd3 22. Rxd3 a5 23. a3 Nd7 24. b4 axb4 25. axb4 Re4 26. f3 Re7 27. Ra1 Ne5 28. Re3 Ng6 29. Rxe7 Nxe7 30. Ra7 Kf8 31. Rb7 Ke8 32. Kf2 Kd8 33. Ke3 Rc7 34. Rb6 Kd7 35. Kd3 Ra7 36. Kc3 Rc7 37. g4 Ng6 38. Kb3 Nf4 39. h4 h5 40. g5 Ng2 41. Nf5 g6 42. Nd6 Nxh4 43. Nxf7 Nxf3 44. Rb8 Ke7 45. Nd6 Nxg5 46. Re8+ Kf6 47. Rf8+ Kg7 48. Rf2 Re7 49. b5 cxb5 50. c6 Ne4 51. Rg2 Nxd6 0-1


[Site "https://www.chess.com"]

[Event "Titled Tuesday Blitz November 22 Late 2022"]
[White "Oparin, Grigoriy"]
[Black "Vlassov, Nikolai"]
[WhiteFideId "24125890"]
[BlackFideId "4103360"]
[WhiteElo "2639"]
[BlackElo "2324"]
[Result "1-0"]
[Round "05"]
[TimeControl "180+1"]
[Date "2022.11.23"]
[WhiteClock "0:00:51"]
[BlackClock "0:00:01"]

1. e4 c5 2. b3 Nf6 3. Nf3 Nxe4 4. Ng1 d5 5. Bb2 Nc6 6. d3 Nd6 7. Nf3 Bg4 8. Be2 d4 9. Nbd2 Qd7 10. h3 Bxf3 11. Bxf3 Ne5 12. Be2 g6 13. a3 Bg7 14. O-O O-O 15. Re1 Rac8 16. Nc4 Nexc4 17. bxc4 e6 18. Bf3 a6 19. a4 Bh6 20. g3 Rb8 21. Ba3 Rfc8 22. Bg2 b5 23. axb5 axb5 24. cxb5 Nxb5 25. Bb2 Nc3 26. Bxc3 dxc3 27. h4 Bd2 28. Re4 Rb4 29. h5 Rcb8 30. Kh2 Qb5 31. Qf3 Rxe4 32. Qxe4 Rf8 33. Ra7 c4 34. hxg6 Qh5+ 35. Bh3 hxg6 36. Kg2 cxd3 37. Qxd3 Qg5 38. Rd7 Qf6 39. Qc4 Kg7 40. Bxe6 Be1 41. f4 Bd2 42. Bd5 Bc1 43. Qe4 Bd2 44. Bb3 Bc1 45. Kf3 Bd2 46. Qd4 Qxd4 47. Rxd4 g5 48. f5 Kf6 49. g4 Re8 50. Rd6+ Kg7 51. Rd7 Rf8 52. Bc4 Kf6 53. Ke4 Re8+ 54. Kd3 Rf8 55. Kd4 Kg7 56. Rd6 f6 57. Rd7+ Kh6 58. Bf7 Rc8 59. Bg6 Rh8 60. Re7 Bf4 61. Kxc3 Be5+ 62. Kd3 Bd6 63. Rd7 Be5 64. c4 Bf4 65. c5 1-0


[Site "https://www.chess.com"]

[Event "Titled Tuesday Blitz November 22 Late 2022"]
[White "Oro, Faustino"]
[Black "Baltaci, Ismail Tarik"]
[WhiteFideId "20000197"]
[BlackFideId "6365213"]
[WhiteElo "2066"]
[BlackElo "2324"]
[Result "1-0"]
[Round "05"]
[TimeControl "180+1"]
[Date "2022.11.23"]
[WhiteClock "0:00:18"]
[BlackClock "0:00:05"]

1. Nf3 g6 2. e4 c5 3. c3 d5 4. e5 Bg7 5. d4 cxd4 6. cxd4 Nc6 7. Bb5 Bg4 8. O-O Rc8 9. Nbd2 Nh6 10. h3 Bxf3 11. Nxf3 O-O 12. Bd2 e6 13. Bc3 f6 14. exf6 Bxf6 15. Re1 a6 16. Bxc6 Rxc6 17. Qd2 Nf5 18. Ne5 Bxe5 19. Rxe5 Nd6 20. Qe2 Ne4 21. Be1 Qb6 22. Rd1 Rc4 23. Qe3 Qxb2 24. Rxe6 Qc2 25. Rd3 Qb1 26. Rb3 Qa1 27. Rxb7 Rc1 28. Kf1 Qxa2 29. f3 Qc4+ 30. Kg1 Ng5 31. Qxg5 Qxd4+ 32. Kh2 Qd1 33. Rxg6+ hxg6 34. Qxg6+ 1-0


[Site "https://www.chess.com"]